 Dungeon Crawl Stone Soup version 0.27-a0-93-g19769c27d7 (webtiles) character file.

Game seed: 8789987714634948875

541 dickylongcocking the Spear-Bearer (level 7, -7/50 HPs)
             Began as a Merfolk Gladiator on Jan 16, 2021.
             Mangled by a wyvern (17 damage)
             ... on level 5 of the Dungeon.
             The game lasted 00:03:04 (4164 turns).

dickylongcocking the Spear-Bearer (MfGl)            Turns: 4164, Time: 00:03:05

Health: -7/50      AC:  5    Str: 13 (16) XL:     7   Next: 26%
Magic:  7/7        EV: 13    Int:  5 (8)  God:
Gold:   292        SH:  0    Dex: 12 (15) Spells: 6/6 levels left

rFire    . . .     SeeInvis .   a - +0 trident
rCold    . . .     Faith    +   (no shield)
rNeg     . . .     Spirit   .   b - +0 leather armour
rPois    .         Reflect  .   c - +0 helmet
rElec    .         Harm     .   (no cloak)
rCorr    .         Rampage  .   (no gloves)
Will     .....                  m - +0 pair of boots (curse)
Stlth    +.........             r - amulet of faith
HPRegen  0.16/turn              (no ring)
MPRegen  0.10/turn              (no ring)

@: invisible
A: change form in water, swift swim, stealthy swim
a: no special abilities


You were on level 5 of the Dungeon.
You visited 1 branch of the dungeon, and saw 5 of its levels.

You collected 292 gold pieces.

Inventory:

Hand Weapons
 a - a +0 trident (weapon)
Missiles
 d - a throwing net (quivered)
Armour
 b - a +0 leather armour (worn)
 c - a +0 helmet (worn)
 m - a cursed +0 pair of boots (worn)
Jewellery
 i - an uncursed amulet of regeneration
 r - an amulet of faith (around neck)
Wands
 n - a wand of paralysis (6)
 o - a wand of enslavement (4)
 q - a wand of iceblast (15)
Scrolls
 e - a scroll of random uselessness {unknown}
 g - 2 scrolls of enchant weapon {unknown}
 h - 5 scrolls of identify {unknown}
 j - a scroll of fear {unknown}
 k - a scroll of amnesia {unknown}
Potions
 f - a potion of attraction
 l - 2 potions of haste
 p - a potion of invisibility


   Skills:
 * Level 2.1 Fighting
 * Level 11.3 Polearms
 - Level 2.0 Throwing
 - Level 4.0 Dodging


You had 6 spell levels left.
You didn't know any spells.
Your spell library was empty.

Dungeon Overview and Level Annotations

Branches:
Dungeon (5/15)
 Temple: D:4-7

Altars:
The Shining One


Message History

The wyvern struggles against the net.
Unknown command.
Your leather armour prevents you from hitting the wyvern.
The wyvern is moderately wounded.
The wyvern struggles against the net.
You puncture the wyvern!
The wyvern is severely wounded.
The wyvern struggles against the net.
You hit the wyvern.
The wyvern is severely wounded.
The wyvern struggles against the net.
The net rips apart, and the wyvern comes free!
You hit the wyvern but do no damage.
The wyvern is severely wounded.
The wyvern bites you.
* * * LOW HITPOINT WARNING * * *
It was a potion of invisibility.
You fade into invisibility!
The wyvern misses you. The wyvern bites you!
You die...

......#..................##
.#.##.#....................
## ###.............###....
##...........### #..
#.............##?#..
#...................
..##..............
...[......##......
..#...@l(# ....#.
#.......## ...## #####.....
.## #..##.# ## #.## ## ##


You could see a wyvern.

Vanquished Creatures
  An ogre (D:4)
  A scorpion (D:5)
  2 hounds
  2 orc wizards (D:3)
  An orc priest (D:3)
  2 worker ants (D:4)
  4 gnolls (D:5)
  8 adders
  An ufetubus (D:5)
  A worm (D:2)
  A dart slug (D:1)
  2 leopard geckos
  8 orcs
  3 bats
  4 giant cockroaches
  13 goblins
  11 hobgoblins
  2 jackals (D:2)
  3 frilled lizards
  A jackal skeleton (D:4)
  10 kobolds
  A quokka skeleton (D:4)
  7 rats
89 creatures vanquished.

Notes
Turn   | Place    | Note
-------+----------+-------------------------------------------
     0 | D:1      | dickylongcocking the Merfolk Gladiator began the quest for
                  | the Orb.
     0 | D:1      | Reached XP level 1. HP: 16/16 MP: 1/1
   301 | D:1      | Reached skill level 5 in Polearms
   390 | D:1      | Reached XP level 2. HP: 22/22 MP: 2/2
   701 | D:3      | Reached skill level 6 in Polearms
   701 | D:3      | Reached XP level 3. HP: 13/27 MP: 3/3
  1363 | D:3      | Reached skill level 7 in Polearms
  1363 | D:3      | Reached XP level 4. HP: 32/33 MP: 4/4
  1373 | D:3      | Reached skill level 8 in Polearms
  1388 | D:3      | Reached XP level 5. HP: 36/38 MP: 5/5
  1719 | D:3      | Reached skill level 9 in Polearms
  1958 | D:2      | Reached XP level 6. HP: 39/44 MP: 6/6
  3129 | D:3      | Found a glowing golden altar of the Shining One.
  3319 | D:4      | Reached skill level 10 in Polearms
  3387 | D:4      | Reached XP level 7. HP: 38/50 MP: 7/7
  3802 | D:5      | Entered Level 5 of the Dungeon
  3809 | D:5      | Reached skill level 11 in Polearms
  4148 | D:5      | Noticed a wyvern
  4164 | D:5      | Mangled by a wyvern

Illustrated notes

Levels and vault maps discovered:
D:1:      matt_arrival_refuge, layout_loops_corners
D:2:      minmay_alternating_diamond, layout_loops_ring
D:3:      layout_loops_cross, grunt_ministairs_2, nicolae_tso_swordbearing_angel
D:4:      layout_cave_pools
D:5:      minmay_diamond_boxcup, layout_cave_pools, cheibrodos_ashenzari_chains,
          uniq_duvessa

Skill      XL: |  1  2  3  4  5  6  7 |
---------------+----------------------+-----
Polearms       | 5 6 7 8 9 10 11 | 11.3
Fighting       | |  2.1
Throwing       | |  2.0
Dodging        | |  4.0

Action                   |  1- 3 |  4- 6 |  7- 9 || total
-------------------------+-------+-------+-------++-------
Melee: Trident           |   116 |   185 |    34 ||   335
Throw: Throwing net      |       |       |     3 ||     3
Evoke: Wand              |       |       |     3 ||     3
  Use: Potion            |     1 |       |     6 ||     7
 Stab: Sleeping          |     2 |     1 |       ||     3
Armor: Leather armour    |    16 |    27 |     7 ||    50
Dodge: Dodged            |    61 |    80 |    25 ||   166

Table legend: (Time is in decaauts)
 A = Elapsed time spent in this place.
 B = Non-inter-level travel time spent in this place.
 C = Inter-level travel time spent in this place.
 D = Time resting spent in this place.
 E = Time spent auto-exploring this place.
 F = Levels seen in this place.
 G = Mean time per level.
                   A        B        C        D        E       F      G
               +--------+--------+--------+--------+--------+-----+--------+
         Total |   4116 |   3849 |    267 |    263 |   2951 |   5 |  823.2 |
       Dungeon |   4116 |   3849 |    267 |    263 |   2951 |   5 |  823.2 |
               +--------+--------+--------+--------+--------+-----+--------+

Top non-repeatable levels by time:
     D:2: 1132 daAuts
     D:1: 1101 daAuts
     D:3: 958 daAuts
     D:4: 569 daAuts
     D:5: 353 daAuts
